 Dungeon Crawl Stone Soup version 0.18.1-48-g4cf74bf (webtiles) character file.

17163 sarahorange the Whirler (level 12, -18/80 HPs)
             Began as a Halfling Hunter on July 16, 2016.
             Was a High Priest of Okawaru.
             Killed from afar by an orc sorcerer (25 damage)
             ... with a bolt of fire
             ... on level 1 of the Orcish Mines on July 17, 2016.
             The game lasted 02:08:56 (14332 turns).

sarahorange the Whirler (Halfling Hunter)          Turns: 14332, Time: 02:08:58

Health: -18/80     AC: 19    Str: 13    XL:     12   Next: 79%
Magic:  12/12      EV: 18    Int: 10    God:    Okawaru [*****.]
Gold:   1247       SH:  0    Dex: 23    Spells: 0 memorised, 11 levels left

rFire  . . .     SeeInvis .     R - +11 trident "Kedu" {elec, rElec rN+ Dex+4}
rCold  . . .     Gourm    .     s - +4 ring mail
rNeg   + . .     Faith    .     (shield currently unavailable)
rPois  .         Spirit   .     Z - +2 hat
rElec  +         Dismiss  .     l - +1 cloak
rCorr  .         Reflect  .     k - +2 pair of gloves
SustAt +         Harm     .     I - +1 pair of boots {Stlth+}
MR     +....                    (no amulet)
Stlth  ++++++....               O - ring of sustain attributes
                                m - ring of protection from magic

@: drained, somewhat resistant to hostile enchantments, very stealthy
A: mutation resistance 1
a: Heroism, Finesse, Renounce Religion


You were on level 1 of the Orcish Mines.
You worshipped Okawaru.
Okawaru was extremely pleased with you.
You were not hungry.

You visited 4 branches of the dungeon, and saw 14 of its levels.
You also visited: Volcano.

You collected 1289 gold pieces.
You spent 42 gold pieces at shops.

Inventory:

Hand Weapons
 a - a +2 hunting sling
 D - a +0 blowgun
 R - the +11 trident "Kedu" (weapon) {elec, rElec rN+ Dex+4}
   (You found it on level 7 of the Dungeon)

   Occasionally, upon striking a foe, it will discharge some electrical energy
   and cause terrible harm.
   It affects your dexterity (+4).
   It insulates you from electricity.
   It protects you from negative energy.
Missiles
 d - 100 sling bullets
 g - 260 stones (quivered)
 E - 50 poisoned needles
Armour
 k - a +2 pair of gloves (worn)
 l - a +1 cloak (worn)
 s - a +4 ring mail (worn)
 I - a +1 pair of boots of stealth (worn)
 Z - a +2 hat (worn)
Magical Staves
 y - an uncursed staff of wizardry {unknown}
Jewellery
 h - an uncursed ring of stealth
 m - a ring of protection from magic (left hand)
 n - an uncursed ring of see invisible
 o - a +2 ring of dexterity
 O - a ring of sustain attributes (right hand)
 S - an uncursed ring of fire
Wands
 b - a wand of confusion (19/48)
 p - a wand of iceblast (5/15)
 x - a wand of confusion (24/48)
 G - a wand of polymorph (17/24)
 J - a wand of paralysis (6/24)
 M - a wand of acid (4/15)
 Q - a wand of teleportation (0/9)
Scrolls
 r - a scroll of fear
 C - 3 scrolls of identify
 U - 2 scrolls of torment {unknown}
 W - a scroll of recharging
 X - 5 scrolls of remove curse
Potions
 c - 3 potions of mutation {unknown}
 e - 2 potions of might {unknown}
 q - 7 potions of curing
 t - a potion of berserk rage {unknown}
 u - a potion of beneficial mutation {unknown}
 v - a potion of ambrosia {unknown}
 w - 2 potions of heal wounds {unknown}
 z - a potion of brilliance {unknown}
 B - 2 potions of flight {unknown}
 F - 3 potions of agility {unknown}
 H - 2 potions of degeneration {unknown}
 T - 3 potions of lignification {unknown}
Miscellaneous
 A - a fan of gales
Comestibles
 f - 10 bread rations
 i - 5 chunks of flesh
 L - 3 meat rations
 N - 4 beef jerkies
 V - 4 slices of pizza


   Skills:
 * Level 6.5(5.9) Fighting
   Level 1.6(1.1) Short Blades
 * Level 5.3(4.7) Polearms
 + Level 16.9(16.3) Slings
 + Level 3.8(9.1) Throwing
 + Level 5.8(5.2) Armour
 + Level 6.4(5.8) Dodging
 * Level 10.7(10.0) Stealth
 + Level 1.2(0.6) Evocations


You had 11 spell levels left.
You didn't know any spells.

Dungeon Overview and Level Annotations

Branches:
Dungeon (9/15)             Temple (1/1) D:5            Lair (2/8) D:9
    Orc (2/2) D:9             Elf (0/3) Orc:2

Altars:
Ashenzari
Cheibriados
Dithmenos
Elyvilon
Fedhas
Gozag
Kikubaaqudgha
Makhleb
Nemelex Xobeh
Okawaru
Pakellas
Qazlal
Ru
Sif Muna
Trog
Vehumet
Xom
Yredelemnul
Zin
The Shining One
Beogh

Shops:
D:5 !

Annotations:
D:2 exclusion: oklob plant
D:9 Lair


Innate Abilities, Weirdness & Mutations

You are small and have problems with some larger weapons.
You are somewhat resistant to further mutation.


Message History

The orc sorcerer is heavily wounded.
The orc sorcerer misses you. The sun demon barely misses you.
The orc sorcerer barely misses you. The sun demon hits you!!
You are engulfed in flames!
* * * LOW HITPOINT WARNING * * *
The orc sorcerer casts a spell at you. You resist with almost no effort.
The sun demon completely misses you.
The orc sorcerer points at you and mumbles some strange words.
The bolt of negative energy misses you.
The orc sorcerer grunts noisily, in orcish tradition.
The sun demon closely misses you. The sun demon hits you.
* * * LOW HITPOINT WARNING * * *
You are engulfed in flames!
* * * LOW HITPOINT WARNING * * *
The orc sorcerer casts a spell.
The orc sorcerer gestures at you while chanting.
The bolt of fire hits you!
You die...

..........## .. .
##.....$.# ...
..##.......# .#...
...#$....### ....#
#.........# ### #....##
...#...o.#####.##.......
..#.......#.#.......#....
#...................#..#
#
##.......3@>[..........#
##
#........)[...........#
.#
##.#..#...#...........#
##
#.....#...##......#.... #
##...#...###..........#
#....#...#.......#...
##.......##.#.....##.
##.....#######...#
##.#### #.##


You could see a sun demon and an orc sorcerer.

Vanquished Creatures
  Erolcha (D:8)
  A hydra (Lair:2)
  Erica (D:9)
  The ghost of Aksel the Carver, a novice HESk of Okawaru (Lair:1)
  Nergalle (Orc:1)
  An unseen horror (D:9)
  Pikel (D:4)
  An orc sorcerer (Orc:2)
  A toenail golem (Lair:2)
  2 spiny frogs (Lair:2)
  A black mamba (Lair:2)
  2 komodo dragons (Lair:2)
  Grinder (D:3)
  2 trolls (D:9)
  8 blink frogs
  A vampire (D:9)
  7 yaks (D:9)
  A wyvern (D:9)
  A human (D:7)
  A hippogriff (Lair:1)
  A warg (D:9)
  Menkaure (D:4)
  5 water moccasins
  2 porcupines
  A sky beast (D:6)
  22 orc warriors
  2 black bears
  A slave (D:4)
  4 ogres
  2 phantoms
  2 centaurs
  6 wolves (Lair:2)
  A crocodile (Lair:2)
  A water moccasin zombie (D:7)
  10 giant frogs
  A scorpion (D:8)
  A howler monkey (D:4)
  5 jellies
  6 crimson imps
  5 hounds
  14 orc wizards
  7 orc priests
  4 iguanas
  4 worker ants
  4 sheep (D:7)
  3 hound skeletons
  A hound zombie (D:5)
  Robin (D:3)
  A worker ant zombie (D:5)
  7 gnolls
  7 adders
  9 river rats
  A shadow imp (D:5)
  A worm (D:2)
  3 dart slugs
  4 giant geckos
  64 orcs
  5 giant cockroaches
  13 goblins
  9 hobgoblins
  9 jackals
  A quokka (D:2)
  A ball python (D:3)
  18 bats
  2 giant newts
  10 kobolds
  16 rats
  A fungus (D:9)
335 creatures vanquished.

Vanquished Creatures (others)
  2 orc wizards (D:4)
  An iguana (D:4)
  A bush (Lair:2)
  11 fungi
  5 plants
20 creatures vanquished.

Grand Total: 355 creatures vanquished

Notes
Turn   | Place    | Note
--------------------------------------------------------------
     0 | D:1      | sarahorange the Halfling Hunter began the quest for the Orb.
     0 | D:1      | Reached XP level 1. HP: 14/14 MP: 1/1
    55 | D:1      | Reached skill level 6 in Slings
   152 | D:1      | Reached XP level 2. HP: 11/19 MP: 2/2
   508 | D:1      | Reached XP level 3. HP: 24/24 MP: 3/3
  1023 | D:2      | Found a blossoming altar of Fedhas.
  1037 | D:2      | Noticed an oklob plant
  1100 | D:2      | Reached skill level 7 in Slings
  1121 | D:2      | Reached XP level 4. HP: 25/29 MP: 4/4
  1678 | D:3      | Reached skill level 1 in Short Blades
  1685 | D:3      | Noticed Robin
  1706 | D:3      | Killed Robin
  1841 | D:3      | Reached XP level 5. HP: 34/34 MP: 5/5
  2059 | D:3      | Found a sacrificial altar of Ru.
  2203 | D:3      | Noticed Grinder
  2206 | D:3      | Found an oddly glowing altar of Pakellas.
  2207 | D:3      | Found a basalt altar of Yredelemnul.
  2207 | D:3      | Found a shattered altar of Ashenzari.
  2212 | D:3      | Paralysed by Grinder for 5 turns
  2224 | D:3      | Paralysed by Grinder for 6 turns
  2244 | D:3      | Paralysed by Grinder for 5 turns
  2267 | D:3      | Paralysed by Grinder for 2 turns
  2286 | D:3      | Paralysed by Grinder for 4 turns
  2291 | D:3      | Killed Grinder
  2291 | D:3      | Reached skill level 9 in Slings
  2291 | D:3      | Reached XP level 6. HP: 26/39 MP: 6/6
  3067 | D:4      | Reached XP level 7. HP: 45/45 MP: 7/7
  3122 | D:4      | Found a bloodstained altar of Trog.
  3135 | D:4      | Noticed Pikel
  3205 | D:4      | Killed Pikel
  3205 | D:4      | Reached skill level 11 in Slings
  3205 | D:4      | Reached skill level 1 in Armour
  3205 | D:4      | Reached XP level 8. HP: 35/50 MP: 8/8
  3287 | D:4      | Noticed Menkaure
  3291 | D:4      | Killed Menkaure
  3659 | D:4      | Found a glowing golden altar of the Shining One.
  3738 | D:4      | Reached skill level 12 in Slings
  3802 | D:5      | Entered Level 5 of the Dungeon
  3872 | D:5      | Found a stormy altar of Qazlal.
  4220 | D:5      | Found an opulent altar of Gozag.
  4342 | D:5      | Found a staircase to the Ecumenical Temple.
  4355 | Temple   | Entered the Ecumenical Temple
  4380 | Temple   | Became a worshipper of Warmaster Okawaru
  4655 | D:5      | Reached skill level 13 in Slings
  4711 | D:5      | Reached XP level 9. HP: 39/54 MP: 9/9
  4814 | D:5      | Found Yruc's Distillery.
  4822 | D:5      | Bought a potion of curing for 42 gold pieces
  5569 | D:6      | Found a deep blue altar of Sif Muna.
  5569 | D:6      | Found a radiant altar of Vehumet.
  5653 | D:7      | Reached skill level 14 in Slings
  5943 | D:7      | Found a glowing silver altar of Zin.
  5946 | D:7      | Found a shadowy altar of Dithmenos.
  5949 | D:7      | Found a snail-covered altar of Cheibriados.
  6054 | D:7      | Got a pitted trident
  6055 | D:7      | Identified the +11 trident "Kedu" {elec, rElec rN+ Dex+4} (You found it on level 7 of the Dungeon)
  6750 | D:8      | Reached * piety under Okawaru
  6836 | D:8      | Reached skill level 5 in Stealth
  6901 | D:8      | Noticed Erolcha
  7143 | D:8      | Paralysed by Erolcha for 5 turns
  7214 | D:8      | Killed Erolcha
  7214 | D:8      | Reached ** piety under Okawaru
  7214 | D:8      | Reached skill level 1 in Polearms
  7214 | D:8      | Reached skill level 15 in Slings
  7214 | D:8      | Reached XP level 10. HP: 42/63 MP: 10/10
  7668 | D:8      | Reached *** piety under Okawaru
  8353 | D:9      | Found a staircase to the Lair.
  8426 | D:9      | Found a stormy altar of Qazlal.
  8433 | D:9      | Found a sparkling altar of Nemelex Xobeh.
  8443 | D:9      | Found a burning altar of Makhleb.
  8702 | D:9      | Found a roughly hewn altar of Beogh.
  8722 | D:9      | Reached XP level 11. HP: 56/70 MP: 11/11
  8727 | D:9      | Reached **** piety under Okawaru
  8727 | D:9      | Reached skill level 1 in Evocations
  8833 | D:9      | Found a staircase to the Orcish Mines.
  9039 | D:9      | Received a gift from Okawaru
  9221 | D:9      | Got a smoking ring mail
  9235 | D:9      | Identified the +3 ring mail of Volopuut {Int+5 Stlth-} (You found it on level 9 of the Dungeon)
  9249 | D:9      | Noticed Erica
  9261 | D:9      | Killed Erica
  9261 | D:9      | Reached skill level 5 in Fighting
  9556 | Orc:1    | Entered Level 1 of the Orcish Mines
  9648 | D:9      | Reached skill level 16 in Slings
 10225 | Orc:1    | Noticed Nergalle
 10342 | D:9      | Noticed an unseen horror
 10346 | D:9      | Killed an unseen horror
 10346 | D:9      | Reached ***** piety under Okawaru
 10346 | D:9      | Received a gift from Okawaru
 10379 | Lair:1   | Entered Level 1 of the Lair of Beasts
 10419 | Lair:1   | Noticed Aksel's ghost (novice HESk)
 10932 | Lair:1   | Received a gift from Okawaru
 10932 | Lair:1   | Reached skill level 5 in Dodging
 11149 | Lair:1   | Killed Aksel's ghost
 11456 | Lair:2   | Received a gift from Okawaru
 11509 | Lair:1   | Reached XP level 12. HP: 71/78 MP: 12/12
 11588 | Lair:2   | Reached skill level 5 in Armour
 11601 | Lair:2   | Noticed a five-headed hydra
 11611 | Lair:2   | Reached skill level 10 in Stealth
 11689 | Lair:2   | Found a dark tunnel.
 11695 | Volcano  | Entered a volcano
 11716 | Volcano  | Noticed a sun demon
 12139 | Lair:2   | Killed a five-headed hydra
 12184 | Lair:2   | Reached skill level 5 in Polearms
 13093 | Orc:1    | Killed Nergalle
 13237 | Orc:1    | You fall through a shaft!
 13237 | Orc:2    | Entered Level 2 of the Orcish Mines
 13439 | Orc:2    | Found a roughly hewn altar of Beogh.
 14061 | Orc:2    | Found a roughly hewn altar of Beogh.
 14082 | Orc:2    | Found a staircase to the Elven Halls.
 14299 | Orc:2    | Noticed an orc warlord
 14324 | Orc:1    | Noticed a sun demon
 14332 | Orc:1    | Killed from afar by an orc sorcerer

Skill      XL: |  1  2  3  4  5  6  7  8  9 10 11 12 |
---------------+-------------------------------------+-----
Slings         | 6 7 9 11 13 15 16 | 16.9
Fighting       | 2 3 4 5 6 |  6.5
Short Blades   | 1 |  1.6
Throwing       | 2 3 |  3.8
Armour         | 1 2 3 4 5 |  5.8
Dodging        | 3 4 5 6 |  6.4
Stealth        | 2 6 7 9 10 | 10.7
Polearms       | 1 2 4 5 |  5.3
Evocations     | 1 |  1.2

Action                   |  1- 3 |  4- 6 |  7- 9 | 10-12 || total
-------------------------+-------+-------+-------+-------++-------
Melee: Short sword       |    24 |    13 |    15 |       ||    52
       Trident           |       |       |    51 |   443 ||   494
 Fire: Hunting sling     |    94 |    92 |   295 |   261 ||   742
       Blowgun           |       |       |     4 |     7 ||    11
Throw: Stone             |     2 |    20 |    16 |    11 ||    49
       Throwing net      |       |       |     1 |     2 ||     3
Invok: Heroism           |       |       |       |     2 ||     2
Evoke: Wand              |       |       |     2 |    16 ||    18
  Use: Scroll            |       |     4 |     8 |    10 ||    22
       Potion            |       |       |       |     5 ||     5
 Stab: Sleeping          |     1 |       |     7 |    25 ||    33
       Held in net/web   |       |       |     2 |       ||     2
       Distracted        |       |       |       |     4 ||     4
       Paralysed         |       |       |       |     1 ||     1
  Eat: Chunk             |       |     3 |    10 |    10 ||    23
       Fruit             |       |     4 |     1 |     5 ||    10
       Royal jelly       |       |       |     1 |     1 ||     2
       Pizza             |       |       |       |     4 ||     4
Armor: Leather armour    |    13 |     4 |       |       ||    17
       Ring mail         |       |     3 |    42 |   174 ||   219
Dodge: Dodged            |    50 |    16 |    80 |   380 ||   526
